 Dungeon Crawl Stone Soup version 0.19.1-1-g22dce08 (webtiles) character file.

3797 theAP the Basher (level 10, -5/66 HPs)
             Began as a Gargoyle Fighter on Jan 2, 2017.
             Was a Follower of Ashenzari.
             Slain by a white ugly thing (25 damage)
             ... on level 8 of the Dungeon.
             The game lasted 00:20:51 (7239 turns).

theAP the Basher (Gargoyle Fighter)                 Turns: 7239, Time: 00:20:52

Health: -5/66      AC: 24    Str: 24    XL:     10   Next: 16%
Magic:  10/10      EV:  4    Int:  8    God:    Ashenzari [*.....]
Gold:   463        SH:  9    Dex:  9    Spells: 0 memorised, 9 levels left

rFire  . . .     SeeInvis .     a - +0 flail
rCold  . . .     Gourm    .     j - +3 plate armour (curse)
rNeg   + . .     Faith    .     c - +0 shield
rPois  ∞         Spirit   .     (no helmet)
rElec  +         Reflect  .     u - +0 cloak
rCorr  .         Harm     .     (no gloves)
MR     +....                    h - +0 pair of boots
Stlth  ..........               (no amulet)
                                (no ring)
                                y - ring of protection from magic (curse)

@: no status effects
A: negative energy resistance 1, electricity resistance, unbreathing,
petrification resistance, rot immunity, AC +7
a: Curse Item, Scrying, Renounce Religion


You were on level 8 of the Dungeon.
You worshipped Ashenzari.
Ashenzari was aware of your devotion.
You were not hungry.

You visited 2 branches of the dungeon, and saw 9 of its levels.

You collected 463 gold pieces.

Inventory:

Hand Weapons
 a - a +0 flail (weapon)
 D - a cursed +0 dire flail
Armour
 c - a +0 shield (worn)
 h - a +0 pair of boots (worn)
 j - a cursed +3 plate armour (worn)
 u - a +0 cloak (worn)
Jewellery
 x - an uncursed ring of magical power
 y - a cursed ring of protection from magic (left hand)
 E - an uncursed amulet of rage
Wands
 e - a wand of lightning (9/15)
Scrolls
 s - 3 scrolls of enchant weapon
 v - a scroll of fog
 w - a scroll of silence
 A - a scroll of teleportation
 B - 2 scrolls of amnesia
Potions
 b - a potion of degeneration {unknown}
 d - 3 potions of might
 i - 2 potions of agility
 m - 2 potions of brilliance
 n - a potion of beneficial mutation {unknown}
 o - 3 potions of curing
 q - 2 potions of mutation {unknown}
 r - 2 potions of ambrosia {unknown}
 t - 2 potions of flight {unknown}
 C - a potion of berserk rage {unknown}
Comestibles
 f - 5 bread rations
 g - a slice of pizza
 k - 7 meat rations
 l - a royal jelly
 p - a beef jerky
 z - 2 fruits


   Skills:
 + Level 9.4 Fighting
 * Level 11.5 Maces & Flails
 + Level 4.5 Armour
 - Level 3.4 Shields


You had 9 spell levels left.
You didn't know any spells.

Dungeon Overview and Level Annotations

Branches:
Dungeon (8/15)             Temple (1/1) D:4
   Lair: D:8-11

Altars:
Ashenzari
Cheibriados
Dithmenos
Elyvilon
Fedhas
Gozag
Kikubaaqudgha
Makhleb
Okawaru
Qazlal
Ru
Sif Muna
Uskayaw
Vehumet
Xom
Yredelemnul
Zin
The Shining One


Innate Abilities, Weirdness & Mutations

You are resistant to torment.
Your stone body is resilient. (AC +7)
You are immune to poison.
You resist negative energy. (rN+)
You are resistant to electric shocks. (rElec)
You can survive without breathing.
You are immune to petrification.
You are immune to rotting.


Message History

The white ugly thing is lightly wounded.
You block the white ugly thing's attack.
You sock the white ugly thing!
The white ugly thing is lightly wounded.
The white ugly thing stings you but does no damage.
Your shield and plate armour prevent you from hitting the white ugly thing.
The white ugly thing is lightly wounded.
The white ugly thing stings you. The white ugly thing freezes you!!
You sock the white ugly thing!
The white ugly thing is moderately wounded.
The white ugly thing stings you but does no damage.
You thump the white ugly thing!
The white ugly thing is heavily wounded.
The white ugly thing stings you. The white ugly thing freezes you!!
You hit the white ugly thing.
The white ugly thing is heavily wounded.
You closely miss the white ugly thing.
The white ugly thing is heavily wounded.
The white ugly thing stings you. The white ugly thing freezes you!!
You die...

#..............
##...........#
##.....#....#
####.####.##
#.## #..# ##.#
#.# # #@# ##..#
##u#{.....
#.Zh{..#
#.....##h.##
#...... .....
..?...##..
...h. ......
.....### ....).
.#.... .....
.....[.


You could see a white ugly thing, a hound, a jackal and a centaur skeleton.

Vanquished Creatures
  The ghost of bananaglory the Carver, a novice TeFi of Gozag (D:6)
  A hippogriff (D:5)
  2 steam dragons (D:6)
  2 orc warriors
  2 ice beasts
  5 ogres
  A centaur (D:5)
  A big kobold (D:7)
  4 bullfrogs
  4 scorpions
  3 wights (D:6)
  2 howler monkeys
  2 crimson imps (D:7)
  2 bullfrog zombies (D:7)
  4 hounds
  Crazy Yiuf (D:6)
  2 orc priests
  16 orc wizards
  A bullfrog skeleton (D:5)
  An iguana (D:4)
  3 worker ants
  A hound zombie (D:7)
  A hound skeleton (D:5)
  A howler monkey zombie (D:5)
  8 gnolls
  12 adders
  An adder skeleton (D:4)
  4 worms (D:2)
  2 dart slugs
  7 leopard geckos
  20 orcs
  10 bats
  9 giant cockroaches
  10 goblins
  12 hobgoblins
  16 jackals
  2 quokkas
  8 ball pythons
  5 frilled lizards
  8 kobolds
  2 quokka skeletons
  4 rats (D:1)
203 creatures vanquished.

Vanquished Creatures (others)
  A fungus (D:6)
1 creature vanquished.

Grand Total: 204 creatures vanquished

Notes
Turn   | Place    | Note
-------+----------+-------------------------------------------
     0 | D:1      | theAP the Gargoyle Fighter began the quest for the Orb.
     0 | D:1      | Reached XP level 1. HP: 14/14 MP: 1/1
    79 | D:1      | Reached XP level 2. HP: 19/19 MP: 2/2
   611 | D:1      | Reached XP level 3. HP: 19/23 MP: 3/3
  1180 | D:2      | Reached skill level 3 in Maces & Flails
  1205 | D:2      | Reached XP level 4. HP: 29/29 MP: 4/4
  1366 | D:2      | Reached skill level 4 in Maces & Flails
  1453 | D:2      | Reached XP level 5. HP: 27/33 MP: 5/5
  1867 | D:2      | Found a radiant altar of Vehumet.
  2345 | D:3      | Found an iron altar of Okawaru.
  2367 | D:3      | Found a shadowy altar of Dithmenos.
  2564 | D:3      | Reached skill level 5 in Maces & Flails
  2564 | D:3      | Reached XP level 6. HP: 31/39 MP: 6/6
  2694 | D:4      | Found a white marble altar of Elyvilon.
  2711 | D:4      | Found a blossoming altar of Fedhas.
  2862 | D:4      | Reached skill level 5 in Fighting
  3180 | D:4      | Reached skill level 6 in Maces & Flails
  3180 | D:4      | Reached XP level 7. HP: 44/44 MP: 7/7
  3503 | D:4      | Found a staircase to the Ecumenical Temple.
  3522 | Temple   | Entered the Ecumenical Temple
  3548 | Temple   | Became a worshipper of Ashenzari the Shackled
  3819 | D:5      | Entered Level 5 of the Dungeon
  3949 | D:5      | Noticed a hippogriff
  3970 | D:5      | Killed a hippogriff
  3970 | D:5      | Reached skill level 7 in Maces & Flails
  4027 | D:5      | Found a hide-covered altar of Uskayaw.
  4092 | D:5      | Reached XP level 8. HP: 39/51 MP: 8/8
  4432 | D:5      | Found a deep blue altar of Sif Muna.
  4532 | D:5      | Reached skill level 8 in Maces & Flails
  5251 | D:6      | Reached * piety under Ashenzari
  5536 | D:6      | Reached skill level 9 in Maces & Flails
  5607 | D:6      | Noticed bananaglory's ghost (novice TeFi)
  5643 | D:6      | Killed bananaglory's ghost
  5643 | D:6      | Reached XP level 9. HP: 38/59 MP: 9/9
  5674 | D:6      | Reached skill level 10 in Maces & Flails
  5932 | D:6      | Found a runed door.
  6009 | D:6      | Noticed Crazy Yiuf
  6018 | D:6      | Killed Crazy Yiuf
  6508 | D:7      | Reached skill level 11 in Maces & Flails
  6589 | D:7      | Reached XP level 10. HP: 48/66 MP: 10/10
  7156 | D:7      | Found a glowing silver altar of Zin.
  7221 | D:8      | Noticed a white ugly thing
  7239 | D:8      | Slain by a white ugly thing

Skill      XL: |  1  2  3  4  5  6  7  8  9 10 |
---------------+-------------------------------+-----
Maces & Flails | 3 4 5 6 7 9 11 | 11.5
Fighting       | 4 5 6 7 9 |  9.4
Armour         | 4 |  4.5
Shields        | |  3.4

Action                   |  1- 3 |  4- 6 |  7- 9 | 10-12 || total
-------------------------+-------+-------+-------+-------++-------
Melee: Flail             |   129 |   386 |   486 |   150 ||  1151
Invok: Curse Item        |       |       |     2 |       ||     2
  Use: Scroll            |     5 |     5 |     3 |     5 ||    18
       Potion            |       |       |     5 |       ||     5
  Eat: Chunk             |     1 |     7 |    11 |     1 ||    20
       Fruit             |       |       |     1 |       ||     1
       Bread ration      |       |       |       |     1 ||     1
Armor: Scale mail        |    88 |       |       |       ||    88
       Plate armour      |    55 |   314 |   421 |   132 ||   922
       Skin              |       |       |    12 |       ||    12
Dodge: Dodged            |    50 |    71 |   106 |    20 ||   247
Block: Shield            |    99 |   243 |   292 |    76 ||   710
